 Dungeon Sprint DCSS version 0.25-a0-707-g603da076d2 (webtiles) character file.

Game seed: 13294164058994168002, levelgen mode: deterministic

372633 Ankalagon the Sensei (level 19, -5/174 HPs)
             Began as a Spriggan Assassin on Apr 4, 2020.
             Was an Initiate of Gozag.
             Slain by Antaeus (6 damage)
             ... in the Dungeon (Sprint III: "The Ten Rune Challenge") on Apr 5, 2020.
             The game lasted 02:22:25 (15667 turns).

Ankalagon the Sensei (Spriggan Assassin)           Turns: 15667, Time: 02:22:26

Health: -5/174     AC: 33    Str: 12    XL:     19   Next: 35%
Magic:  28/52      EV: 38    Int: 19    God:    Gozag
Gold:   19090      SH:  0    Dex: 22    Spells: 8/57 levels left

rFire    . . .     SeeInvis +     - Unarmed
rCold    + + +     Gourm    .   (shield restricted)
rNeg     + + .     Faith    .   (armour currently unavailable)
rPois    ∞         Spirit   .   I - +2 hat {MR+}
rElec    +         Reflect  .   w - +1 cloak of Happiness {rC++ Regen+ Str+4}
rCorr    .         Harm     .   (gloves unavailable)
MR       +++++     NoTele   +   (boots unavailable)
Stlth    +++++++...             z - amulet of Vitality {Regen+ HP+15}
HPRegen  1.19/turn              K - ring "Ymaap" {rN+ MR+ MP+9}
MPRegen  0.33/turn              M - ring "Usepuh" {rElec rC+ Stlth+}

@: mighty, statue-form, dragon's call, stab, flying, deflect missiles, very slow
A: very small, unfitting armour, see invisible, clever 2, herbivore, slow
metabolism 2
}: 7/10 runes: serpentine, barnacled, slimy, silver, golden, iron, bone
a: End Transformation, Potion Petition, Call Merchant, Bribe Branch, Renounce
Religion


You were in the Dungeon.
You worshipped Gozag.
Gozag was extremely pleased with you.
You were not hungry.
You were a stone statue.
You visited 1 branch You collected 48260 gold pieces.
You spent 13870 gold pieces at shops.
You paid 15300 gold pieces to Gozag.

Inventory:

Hand Weapons
 B - a +1 hunting sling of freezing
Missiles
 d - 17 poisoned darts (quivered)
 e - 7 curare-tipped darts
 q - 4 datura-tipped darts
 x - 27 stones
 H - 10 atropa-tipped darts
 T - 2 throwing nets
Armour
 w - the +1 cloak of Happiness (worn) {rC++ Regen+ Str+4}
   (You bought it in a shop in the Dungeon)

   It affects your strength (+4).
   It greatly protects you from cold.
   It increases your rate of regeneration.
 C - quicksilver dragon scales (melded)
 I - a +2 hat of magic resistance (worn)
Jewellery
 h - the amulet "Astrufod" {Gourm rElec Str-5 Int+3 Dex+3}
   (You bought it in a shop in the Dungeon)

   [amulet of the gourmand]

   It allows you to eat raw meat even when not hungry.
   It affects your strength (-5).
   It affects your intelligence (+3).
   It affects your dexterity (+3).
   It insulates you from electricity.
 l - an uncursed ring of protection from fire
 s - an uncursed ring of resist corrosion
 u - the ring "Iroefoargh" {rPois rF+ Int+2 SInv}
   (You found it in the Dungeon)

   [ring of poison resistance]

   It affects your intelligence (+2).
   It protects you from fire.
   It protects you from poison.
   It lets you see invisible.
 z - the amulet of Vitality (around neck) {Regen+ HP+15}
   (You took it off a fire giant in the Dungeon)

   [amulet of regeneration]

   It affects your health (+15).
   It increases your rate of regeneration.
 K - the ring "Ymaap" (left hand) {rN+ MR+ MP+9}
   (You found it in the Dungeon)

   [ring of magical power]

   It protects you from negative energy.
   It affects your resistance to hostile enchantments.
   It affects your magic capacity (+9).
 M - the ring "Usepuh" (right hand) {rElec rC+ Stlth+}
   (You found it in the Dungeon)

   [ring of protection from cold]

   It protects you from cold.
   It insulates you from electricity.
   It makes you more stealthy.
 R - an uncursed ring of flight
 S - the ring "Vuofryj" {rPois rN+ MP+9 Str+4}
   (You found it in the Dungeon)

   [ring of positive energy]

   It affects your strength (+4).
   It protects you from poison.
   It protects you from negative energy.
   It affects your magic capacity (+9).
Wands
 b - a wand of paralysis (1)
 o - a wand of clouds (2)
 v - a wand of polymorph (12)
 D - a wand of disintegration (3)
 E - a wand of iceblast (9)
 N - a wand of enslavement (10)
Scrolls
 n - a scroll of holy word
 p - 2 scrolls of remove curse
 A - a scroll of identify
 F - 4 scrolls of enchant armour
 O - 2 scrolls of acquirement
 Q - 3 scrolls of amnesia
 V - a scroll of fear
Potions
 a - 10 potions of heal wounds
 c - 5 potions of brilliance
 g - 12 potions of curing
 i - 3 potions of cancellation
 j - 7 potions of magic
 k - 7 potions of berserk rage
 m - 3 potions of mutation
 r - 4 potions of might
 G - a potion of flight
 J - a potion of invisibility
 W - 7 potions of haste
 Y - 5 potions of resistance
 Z - 3 potions of stabbing
Miscellaneous
 t - a box of beasts
 y - a lightning rod (4/4)
 L - the horn of Geryon
 P - a phial of floods
 X - 6 phantom mirrors
Comestibles
 f - 15 rations


   Skills:
 - Level 20.5 Fighting
   Level 2.1 Short Blades
 - Level 11.7 Throwing
 - Level 10.2 Armour
 - Level 21.4 Dodging
 - Level 14.2 Stealth
 * Level 24.4 Unarmed Combat
 + Level 19.6 Spellcasting
 - Level 18.0 Conjurations
 - Level 15.3 Hexes
 - Level 13.6 Charms
 * Level 24.1 Summonings
 - Level 8.8 Translocations
 - Level 17.5 Transmutations
 - Level 12.7 Air Magic
 - Level 13.8 Earth Magic
 - Level 19.8 Evocations


You had 8 spell levels left.
You knew the following spells:

 Your Spells              Type           Power        Failure   Level  Hunger
a - Apportation           Tloc           ######       1%          1    None
b - Dragon's Call         Summ           #######...   14%         9    #######
f - Orb of Destruction    Conj           ######....   1%          7    ######.
g - Blade Hands           Tmut           ######....   1%          5    ##.....
i - Invisibility          Hex            ######..     1%          6    ####...
q - Blink                 Tloc           N/A          1%          2    None
s - Statue Form           Tmut/Erth      ######...    1%          6    ####...
t - Dragon Form           Tmut           ######....   1%          7    ######.
v - Deflect Missiles      Chrm/Air       ######....   1%          6    ####...

Your spell library contained the following spells:

 Spells                   Type           Power        Failure   Level  Hunger
 Beastly Appendage        Tmut           ######       0%          1    None
 Corona                   Hex            ######.      0%          1    None
 Magic Dart               Conj           ####         0%          1    None
 Summon Small Mammal      Summ           ####         0%          1    None
 Call Imp                 Summ           #######.     0%          2    None
 Passwall                 Tmut/Erth      ######..     0%          2    None
 Searing Ray              Conj           ######       0%          2    None
 Slow                     Hex            ######..     0%          2    None
 Sticks to Snakes         Tmut           ######..     0%          2    None
 Call Canine Familiar     Summ           #######.     0%          3    None
 Confusing Touch          Hex            ######..     0%          3    None
 Dazzling Flash           Conj/Hex       ######       0%          3    None
 Static Discharge         Conj/Air       ######..     0%          3    None
 Summon Guardian Golem    Hex/Summ       #######.     0%          3    None
 Summon Lightning Spire   Summ/Air       ######..     0%          4    None
 Foxfire                  Conj/Fire      ####         1%          1    None
 Sting                    Tmut/Pois      ####         1%          1    None
 Ensorcelled Hibernation  Hex/Ice        #####.       1%          2    None
 Poisonous Vapours        Pois/Air       #####.       1%          2    None
 Swiftness                Chrm/Air       ######..     1%          2    None
 Conjure Flame            Conj/Fire      ######..     1%          3    None
 Gell's Gravitas          Tloc           ######....   1%          3    None
 Ignite Poison            Fire/Tmut/Pois #####...     1%          3    None
 Mephitic Cloud           Conj/Pois/Air  ######..     1%          3    None
 Spider Form              Tmut/Pois      ######....   1%          3    None
 Cause Fear               Hex            ######....   1%          4    None
 Fulminant Prism          Conj/Hex       ######....   1%          4    None
 Ice Form                 Ice/Tmut       ######..     1%          4    None
 Iskenderun's Mystic Bla  Conj/Tloc      ######..     1%          4    None
 Passage of Golubria      Tloc           N/A          1%          4    None
 Petrify                  Tmut/Erth      ######..     1%          4    None
 Summon Ice Beast         Ice/Summ       ######..     1%          4    None
 Alistair's Intoxication  Tmut/Pois      ######..     1%          5    ##.....
 Bolt of Magma            Conj/Fire/Erth ######....   1%          5    ##.....
 Irradiate                Conj/Tmut      ######....   1%          5    ##.....
 Iskenderun's Battlesphe  Conj/Chrm      ######..     1%          5    ##.....
 Lee's Rapid Deconstruct  Erth           ######....   1%          5    ##.....
 Lightning Bolt           Conj/Air       ######....   1%          5    ##.....
 Silence                  Hex/Air        ######....   1%          5    ##.....
 Yara's Violent Unravell  Hex/Tmut       ######....   1%          5    ##.....
 Darkness                 Hex            ######....   1%          6    ####...
 Hydra Form               Tmut           ######....   1%          6    ####...
 Iron Shot                Conj/Erth      ######....   1%          6    ####...
 Spellforged Servitor     Conj/Summ      #######...   1%          7    ######.
 Animate Skeleton         Necr           N/A          2%          1    None
 Freeze                   Ice            ###.         2%          1    None
 Pain                     Necr           ###.         2%          1    None
 Metabolic Englaciation   Hex/Ice        #####.....   3%          5    ##.....
 Sublimation of Blood     Necr           ###.......   4%          2    None
 Vampiric Draining        Necr           ###.......   9%          3    None
 Eringya's Noxious Bog    Tmut/Pois      ######....   12%         6    ####...
 Animate Dead             Necr           N/A          28%         4    None
 Discord                  Hex            ######....   34%         8    #######
 Agony                    Necr           ###.....     61%         5    ##.....
 Ignition                 Fire           ###.......   100%        8    #######
 Shatter                  Erth           ######....   100%        9    #######
 Tornado                  Air            ######....   100%        9    #######


Dungeon Overview and Level Annotations

Branches:
Dungeon (1/1)

Altars:
Cheibriados
Dithmenos
Elyvilon
Fedhas
Gozag
Hepliaklqana
Kikubaaqudgha
Makhleb
Nemelex Xobeh
Okawaru
Qazlal
Ru
Sif Muna
Trog
Uskayaw
Vehumet
Wu Jian
Xom
Yredelemnul
Zin
The Shining One
Beogh
Jiyva
Lugonu

Shops:
D [[:[!![[}!}(=!}![[*[[:?!==}(:([

Annotations:
D Antaeus, Mara, Serpent of Hell


Innate Abilities, Weirdness & Mutations

You are very small and have problems with some larger weapons.
You are too small for most types of armour.
You have supernaturally acute eyesight. (SInv)
You are a herbivore.
((You cover ground extremely quickly.))
You need to consume almost no food.
Your mind is very acute. (Int +4)


Message History

Antaeus freezes your ice dragon.
Your ice dragon resists.
Your ice dragon dies!
Your ice dragon's corpse disappears in a puff of smoke!
Your storm dragon bites Antaeus but does no damage.
Your storm dragon claws Antaeus but does no damage.
Antaeus blocks your storm dragon's attack.
The helpless Antaeus fails to defend himself.
You pummel Antaeus like a punching bag!!!
Antaeus is severely wounded.
A dragon arrives to answer your call!
Antaeus blocks your quicksilver dragon's attack.
Your quicksilver dragon claws Antaeus but does no damage.
Antaeus hits you!!!
* * * LOW HITPOINT WARNING * * *
Antaeus freezes you! You resist.
* * * LOW HITPOINT WARNING * * *
Antaeus hits you.
You die...
Your body crumbles into a pile of gold.

...........)....∩∩(..(#...###...#
...............=......#...# ##.##
#§#############'##############)#.
.§§#§§§# ###≈≈≈≈≈≈≈≈≈##......#)#'
§§§§§.§# #.#≈###≈≈#####......#)'.
§§§#§.§###'#≈#)'≈≈'[# #......#)##
#####+###≈≈≈≈###≈≈#####......).#.
.§....# #≈≈≈≈≈≈≈≈≈≈≈≈##......###.
#########≈≈≈≈###8≈≈≈≈##.###..#...
§§.....#####≈#DCD≈#'###.#^#..'...
§§.§§.§# #['≈###D≈#=# #.###..#...
...§...# ###≈≈≈≈≈≈### #......###'
######## ######## ########...
▓▓▓▓


You could see Antaeus (dazed), a friendly storm dragon and 2 friendly
quicksilver dragons.

Vanquished Creatures
  the Royal Jelly (D)
  Ereshkigal (D)
  Gloorx Vloq (D)
  Mennas (D)
  Dispater (D)
  An ancient lich (D)
  Sojobo (D)
  Boris (D)
  7 greater mummies (D)
  A Killer Klown (D)
  Geryon (D)
  A golden dragon (D)
  Nikola (D)
  4 bone dragons (D)
  An iron giant (D)
  A lich (D)
  Rupert (D)
  2 Hell Sentinels (D)
  2 quicksilver dragons (D)
  2 Orb Guardians (D)
  5 Ice Fiends (D)
  A deep elf blademaster (D)
  3 acid blobs (D)
  Frances (D)
  An Executioner (D)
  A kraken (D)
  Gastronok (D)
  2 sphinxes (D)
  A storm dragon (D)
  Chuck (D)
  4 shadow dragons (D)
  Donald (D)
  A nagaraja (D)
  Roxanne (D)
  2 fire giants (D)
  A frost giant (D)
  10 azure jellies (D)
  An iron dragon (D)
  A draconian knight (D)
  3 ghost moths (D)
  3 war gargoyles (D)
  4 stone giants (D)
  A vampire knight (D)
  2 deep elf annihilators (D)
  2 dire elephants (D)
  Azrael (D)
  A yellow draconian (D)
  A deep elf death mage (D)
  13 mummy priests (D)
  A deep elf high priest (D)
  Josephine (D)
  10 death oozes (D)
  A fire dragon (D)
  An ogre mage (D)
  3 yaktaur captains (D)
  2 hydras (D)
  5 anacondas (D)
  2 hell beasts (D)
  An alligator snapping turtle (D)
  A naga warrior (D)
  19 vault guards (D)
  A queen ant (shapeshifter) (D)
  3 centaur warriors (D)
  2 iron elementals (D)
  Urug (D)
  4 death yaks (D)
  5 orc high priests (D)
  2 sun demons (D)
  A deep elf knight (D)
  7 skeletal warriors (D)
  2 soul eaters (D)
  A death drake (D)
  An unseen horror (D)
  2 golden dragon zombies (D)
  A shadow wraith (D)
  A swamp dragon (shapeshifter) (D)
  A deep troll (D)
  A spriggan druid (D)
  2 obsidian statues (D)
  An orange crystal statue (D)
  3 kraken simulacra (D)
  A lindwurm (D)
  An orc knight (D)
  A spectral iron dragon (D)
  2 oklob plants (D)
  4 crystal guardians (D)
  8 deep elf magi (D)
  An orc sorcerer (D)
  5 ugly things (D)
  A moth of wrath (D)
  A guardian serpent (D)
  6 black mambas (D)
  2 rust devils (D)
  2 spiny frogs (D)
  8 statues (D)
  A molten gargoyle (D)
  2 elephants (D)
  11 yaktaurs (D)
  A komodo dragon (D)
  3 wandering mushrooms (D)
  A rime drake (D)
  3 ice devils (D)
  An anaconda simulacrum (D)
  29 guardian mummies (D)
  2 spriggan defenders (D)
  2 tyrant leeches (D)
  A queen bee (D)
  A hornet (D)
  8 blink frogs (D)
  10 slime creatures (D)
  5 snapping turtles (D)
  3 redbacks (D)
  2 spriggans (D)
  10 shadows (D)
  2 iron troll simulacra (D)
  2 nagas (D)
  A spatial vortex (D)
  A swamp worm (shapeshifter) (D)
  4 water moccasins (D)
  4 floating eyes (D)
  5 hydra simulacra (D)
  4 orc warriors (D)
  A swamp drake (D)
  A necrophage (D)
  2 centaurs (D)
  An earth elemental (D)
  A water elemental (D)
  A scorpion (D)
  32 killer bees (D)
  3 electric eels (D)
  11 quasits (D)
  A jelly (D)
  2 orc priests (D)
  An orc wizard (D)
  A wizard (D)
  Jessica (D)
  2 necromancers (D)
  A polar bear simulacrum (D)
  3 humans (D)
  A kobold demonologist (D)
  3 adders (D)
  An ooze (D)
  A ball lightning (D)
  8 orcs (D)
  A bat zombie (D)
  A bat simulacrum (D)
  A jackal zombie (D)
  A leopard gecko zombie (D)
  A quokka zombie (D)
  2 rats (D)
  A ballistomycete spore (D)
  A bush (D)
  2 butterflies (D)
  3 plants (D)
  3 tentacles (D)
449 creatures vanquished.

Vanquished Creatures (collateral kills)
  A Hell Sentinel (D)
  An acid blob (D)
  2 azure jellies (D)
  A war gargoyle (D)
  An iron golem (D)
  2 shining eyes (D)
  A rust devil (D)
  A floating eye (D)
  An electric eel (D)
11 creatures vanquished.

Vanquished Creatures (others)
  2 deep elf blademasters (D)
  2 draconian scorchers (D)
  Nessos (D)
  4 dancing weapons (D)
  A glowing orange brain (D)
  A shining eye (D)
  6 hellions (D)
  3 yaktaurs (D)
  2 spriggan defenders (D)
  2 hornets (D)
  A golden eye (D)
  5 ball lightnings (D)
  A ballistomycete spore (D)
  43 plants (D)
  7 tentacles (D)
81 creatures vanquished.

Grand Total: 541 creatures vanquished

Notes
Turn   | Place    | Note
-------+----------+-------------------------------------------
     0 | D        | Ankalagon the Spriggan Assassin began the quest for the
                  | Orb.
     0 | D        | Reached XP level 1. HP: 10/10 MP: 2/2
    89 | D        | Killed a hellion
   138 | D        | Killed a hellion
   146 | D        | Killed a yaktaur
   178 | D        | Noticed Jessica
   195 | D        | Killed Jessica
   195 | D        | Reached XP level 2. HP: 13/14 MP: 3/3
   195 | D        | Reached XP level 3. HP: 16/18 MP: 4/4
   214 | D        | Killed a hellion
   215 | D        | Reached skill level 5 in Throwing
   217 | D        | Noticed a scorpion
   219 | D        | Killed a hellion
   220 | D        | Killed a scorpion
   220 | D        | Reached XP level 4. HP: 18/22 MP: 5/5
   220 | D        | Killed a white draconian scorcher
   220 | D        | Killed a hellion
   233 | D        | Killed a hellion
   242 | D        | Gained mutation: You have a somewhat thin skeletal
                  | structure. (Dex +2, Stealth) [potion of mutation]
   242 | D        | Gained mutation: You have sharp fingernails. [potion of
                  | mutation]
   249 | D        | Noticed a water elemental
   254 | D        | Killed a white draconian scorcher
   483 | D        | Noticed a shadow
   485 | D        | Killed a shadow
   485 | D        | Reached XP level 5. HP: 25/25 MP: 6/6
   489 | D        | Reached XP level 6. HP: 30/30 MP: 7/7
   494 | D        | Found a blossoming altar of Fedhas.
   494 | D        | Found a stormy altar of Qazlal.
   494 | D        | Found a snail-covered altar of Cheibriados.
   494 | D        | Found a burning altar of Makhleb.
   494 | D        | Found a shimmering altar of Xom.
   494 | D        | Noticed a spatial vortex
   495 | D        | Found a hazy altar of Hepliaklqana.
   495 | D        | Found an opulent altar of Gozag.
   495 | D        | Found a sparkling altar of Nemelex Xobeh.
   495 | D        | Found a corrupted altar of Lugonu.
   495 | D        | Found a viscous altar of Jiyva.
   499 | D        | Became a worshipper of Gozag Ym Sagoz the Greedy
   512 | D        | Found a shadowy altar of Dithmenos.
   513 | D        | Found a basalt altar of Yredelemnul.
   513 | D        | Found a sacrificial altar of Ru.
   514 | D        | Reached skill level 1 in Unarmed Combat
   524 | D        | Found a hide-covered altar of Uskayaw.
   524 | D        | Found an iron altar of Okawaru.
   525 | D        | Found a roughly hewn altar of Beogh.
   525 | D        | Found a bloodstained altar of Trog.
   525 | D        | Found an ornate altar of the Wu Jian Council.
   525 | D        | Noticed a human
   525 | D        | Noticed a human
   527 | D        | Killed a human
   527 | D        | Reached XP level 7. HP: 33/33 MP: 8/8
   528 | D        | Killed a human
   528 | D        | Reached skill level 5 in Unarmed Combat
   540 | D        | Found a radiant altar of Vehumet.
   540 | D        | Found a shimmering blue altar of Sif Muna.
   540 | D        | Found an ancient bone altar of Kikubaaqudgha.
   542 | D        | Reached skill level 10 in Dodging
   554 | D        | Learned a level 4 spell: Cause Fear
   560 | D        | Found a glowing silver altar of Zin.
   561 | D        | Found a glowing golden altar of the Shining One.
   561 | D        | Found a white marble altar of Elyvilon.
   561 | D        | Noticed a deep elf mage
   573 | D        | Killed a deep elf mage
   573 | D        | Reached XP level 8. HP: 37/37 MP: 9/9
   732 | D        | Noticed an orc knight
   771 | D        | Reached skill level 1 in Spellcasting
   827 | D        | Noticed an orc sorcerer
   831 | D        | Noticed Josephine
   927 | D        | Paralysed by an orc sorcerer for 5 turns
   928 | D        | Killed an orc sorcerer
  1116 | D        | Reached XP level 9. HP: 42/44 MP: 13/13
  1144 | D        | Noticed an orc high priest
  1187 | D        | Killed an orc knight
  1187 | D        | Reached skill level 10 in Throwing
  1198 | D        | Killed an orc high priest
  1198 | D        | Reached skill level 5 in Fighting
  1198 | D        | Reached skill level 10 in Unarmed Combat
  1272 | D        | HP: 1/47 [Josephine/ghostly fireball (28)]
  1275 | D        | Killed Josephine
  1407 | D        | Found Derghaume's Gadget Emporium.
  1418 | D        | Bought a wand of scattershot (4) for 240 gold pieces
  1418 | D        | Bought a wand of random effects (15) for 85 gold pieces
  1418 | D        | Bought a wand of acid (8) for 240 gold pieces
  1418 | D        | Bought a wand of polymorph (9) for 110 gold pieces
  1478 | D        | Bought the +1 cloak of Happiness {rC++ Regen+ Str+4} for
                  | 593 gold pieces
  1494 | D        | Bought a potion of curing for 36 gold pieces
  1494 | D        | Bought a potion of curing for 36 gold pieces
  1494 | D        | Bought a potion of heal wounds for 60 gold pieces
  1494 | D        | Bought a potion of heal wounds for 60 gold pieces
  1494 | D        | Bought a potion of heal wounds for 60 gold pieces
  1494 | D        | Bought a potion of heal wounds for 60 gold pieces
  1494 | D        | Bought a potion of berserk rage for 60 gold pieces
  1494 | D        | Bought a potion of curing for 36 gold pieces
  1494 | D        | Bought a potion of haste for 120 gold pieces
  1494 | D        | Bought a potion of might for 48 gold pieces
  1494 | D        | Bought 2 potions of brilliance for 96 gold pieces
  1545 | D        | Reached XP level 10. HP: 8/53 MP: 14/14
  1645 | D        | Noticed a centaur warrior
  1662 | D        | Killed a centaur warrior
  1731 | D        | Noticed an unseen horror
  1744 | D        | Killed an unseen horror
  1811 | D        | Noticed Donald
  1811 | D        | Noticed Frances
  1834 | D        | Noticed a spiny frog
  1834 | D        | Noticed a spiny frog
  1838 | D        | Killed a spiny frog
  1848 | D        | Killed a spiny frog
  2060 | D        | Reached XP level 11. HP: 62/62 MP: 20/20
  2130 | D        | Noticed Rupert
  2196 | D        | Bought a wand of iceblast (6) for 140 gold pieces
  2196 | D        | Bought a lightning rod (4/4) for 560 gold pieces
  2196 | D        | Bought a wand of iceblast (4) for 112 gold pieces
  2196 | D        | Bought a wand of iceblast (8) for 168 gold pieces
  2236 | D        | Reached skill level 10 in Fighting
  2297 | D        | Bought an embroidered robe for 122 gold pieces
  2338 | D        | Bought a wand of random effects (8) for 50 gold pieces
  2339 | D        | Bought a wand of paralysis (9) for 154 gold pieces
  2339 | D        | Bought a wand of polymorph (8) for 140 gold pieces
  2347 | D        | Noticed a deep elf mage
  2347 | D        | Noticed a deep elf mage
  2347 | D        | Noticed a deep elf mage
  2347 | D        | Noticed a deep elf mage
  2347 | D        | Noticed a deep elf mage
  2353 | D        | Noticed a deep elf annihilator
  2356 | D        | Noticed a deep elf mage
  2362 | D        | Killed a deep elf mage
  2363 | D        | Killed a deep elf mage
  2363 | D        | Killed a deep elf mage
  2370 | D        | Killed a deep elf mage
  2377 | D        | Killed a deep elf mage
  2419 | D        | Killed a deep elf annihilator
  2530 | D        | Noticed a lindwurm
  2538 | D        | Killed a lindwurm
  2578 | D        | Noticed Urug
  2587 | D        | Killed Urug
  2594 | D        | Noticed a death drake
  2596 | D        | Noticed a seven-headed hydra
  2596 | D        | Noticed a four-headed hydra
  2609 | D        | Killed a seven-headed hydra
  2611 | D        | Killed a death drake
  2611 | D        | Reached XP level 12. HP: 24/70 MP: 18/23
  2617 | D        | Killed a four-headed hydra
  2905 | D        | Found a blossoming altar of Fedhas.
  3001 | D        | Noticed a dire elephant
  3001 | D        | Noticed a dire elephant
  3001 | D        | Noticed Gastronok
  3030 | D        | Killed a dire elephant
  3030 | D        | Reached skill level 15 in Unarmed Combat
  3045 | D        | Killed a dire elephant
  3146 | D        | Killed Gastronok
  3181 | D        | Noticed an azure jelly
  3182 | D        | Noticed an azure jelly
  3182 | D        | Noticed an azure jelly
  3184 | D        | Noticed an azure jelly
  3204 | D        | Killed Rupert
  3236 | D        | Noticed a death yak
  3272 | D        | Noticed a death yak
  3277 | D        | Noticed a death yak
  3278 | D        | Noticed a death yak
  3287 | D        | Killed a death yak
  3287 | D        | Killed a death yak
  3288 | D        | Killed a death yak
  3318 | D        | Reached skill level 15 in Evocations
  3318 | D        | Killed a death yak
  3318 | D        | Reached XP level 13. HP: 63/78 MP: 25/25
  3453 | D        | Bought a warped robe for 148 gold pieces
  3463 | D        | Identified the +2 robe of Wita {rPois Str+2 Stlth+} (You
                  | bought it in a shop in the Dungeon)
  3881 | D        | Killed Frances
  3881 | D        | Reached skill level 15 in Dodging
  4024 | D        | Killed Donald
  4470 | D        | Noticed a deep elf death mage
  4471 | D        | Noticed a deep elf annihilator
  4484 | D        | Noticed a deep elf blademaster
  4630 | D        | Killed a deep elf death mage
  4692 | D        | Killed a deep elf blademaster
  4942 | D        | Killed a deep elf annihilator
  5086 | D        | Got a scintillating jade ring
  5221 | D        | Identified the ring "Iroefoargh" {rPois rF+ Int+2 SInv}
                  | (You found it in the Dungeon)
  5241 | D        | Bought 3 scrolls of identify for 96 gold pieces
  5241 | D        | Bought 4 datura-tipped darts for 25 gold pieces
  5241 | D        | Bought a ration for 80 gold pieces
  5241 | D        | Bought a potion of brilliance for 64 gold pieces
  5241 | D        | Bought a scroll of identify for 32 gold pieces
  5241 | D        | Bought a potion of curing for 48 gold pieces
  5490 | D        | Noticed a nagaraja
  5535 | D        | Killed a nagaraja
  5575 | D        | Found Ogirph's Book Boutique.
  5575 | D        | Found Husengut's Antique Armour Emporium.
  5589 | D        | Found Kisuup's Distillery.
  5599 | D        | Bought a potion of heal wounds for 65 gold pieces
  5601 | D        | Bought a book of Minor Magic for 220 gold pieces
  5605 | D        | Learned a level 2 spell: Blink
  5624 | D        | Got a serpentine rune of Zot
  5874 | D        | Noticed a mummy priest
  5887 | D        | Killed a mummy priest
  5912 | D        | Reached XP level 14. HP: 47/84 MP: 1/28
  5961 | D        | Killed Nessos
  6038 | D        | Learned a level 7 spell: Dragon Form
  6102 | D        | Reached skill level 5 in Transmutations
  6276 | D        | Found Lushre's Jewellery Emporium.
  6276 | D        | Found Javue's Gadget Shop.
  6276 | D        | Found Duyresto's Distillery.
  6276 | D        | Found Oklat's Antique Armour Shoppe.
  6276 | D        | Found Tyopt's Jewellery Boutique.
  6276 | D        | Found Lualoxki's Food Emporium.
  6276 | D        | Found Pis Moo's Magic Scroll Shoppe.
  6276 | D        | Found Veped's Weapon Shop.
  6276 | D        | Found Odint's Book Shop.
  6276 | D        | Found Taunot's Book Emporium.
  6276 | D        | Found Tearoan's Antique Armour Emporium.
  6276 | D        | Found Siwn's Antique Weapon Boutique.
  6310 | D        | Bought a wand of digging (3) for 168 gold pieces
  6310 | D        | Bought a wand of disintegration (12) for 192 gold pieces
  6310 | D        | Bought a wand of iceblast (9) for 156 gold pieces
  6310 | D        | Bought a wand of clouds (5) for 324 gold pieces
  6313 | D        | Bought a cursed ring of attention for 58 gold pieces
  6474 | D        | Killed a deep elf blademaster
  6583 | D        | Bought a book of Power for 495 gold pieces
  6591 | D        | Learned a level 7 spell: Orb of Destruction
  6653 | D        | Killed an azure jelly
  6665 | D        | Killed an azure jelly
  6665 | D        | Reached skill level 5 in Conjurations
  6681 | D        | Killed an azure jelly
  6734 | D        | Killed a deep elf blademaster
  6736 | D        | Killed an azure jelly
  6910 | D        | Bought an uncursed ring of flight for 227 gold pieces
  7061 | D        | Got a warped brass ring
  7063 | D        | Identified the ring "Vuofryj" {rPois rN+ MP+9 Str+4} (You
                  | found it in the Dungeon)
  7157 | D        | Reached skill level 10 in Conjurations
  7256 | D        | Identified the +7 lajatang of Qionav {freeze, Stlth+} (You
                  | found it in the Dungeon)
  7371 | D        | Bought quicksilver dragon scales for 1560 gold pieces
  7450 | D        | Reached skill level 1 in Armour
  7545 | D        | Noticed Azrael
  7553 | D        | Killed Azrael
  7638 | D        | Noticed Boris
  7669 | D        | Killed Boris
  7669 | D        | Reached skill level 5 in Armour
  7757 | D        | Bought a scroll of blinking for 90 gold pieces
  7757 | D        | Bought a scroll of fear for 42 gold pieces
  7757 | D        | Bought a scroll of vulnerability for 90 gold pieces
  7758 | D        | Bought a book of Enchantments for 650 gold pieces
  7766 | D        | Learned a level 6 spell: Deflect Missiles
  7915 | D        | Noticed Chuck
  7930 | D        | Found the +10 zealot's sword {holy, *Rage rN+ EV+3}
  7940 | D        | Killed Chuck
  7991 | D        | Learned a level 6 spell: Statue Form
  7995 | D        | Noticed Sojobo
  8040 | D        | Noticed a bone dragon
  8081 | D        | Killed a bone dragon
  8081 | D        | Reached skill level 10 in Spellcasting
  8081 | D        | Reached XP level 15. HP: 34/88 MP: 10/30
  8294 | D        | Noticed a bone dragon
  8355 | D        | Killed a bone dragon
  8448 | D        | Noticed a bone dragon
  8485 | D        | Killed a bone dragon
  8485 | D        | Reached skill level 10 in Armour
  8590 | D        | Noticed a bone dragon
  8747 | D        | Killed a bone dragon
  9189 | D        | Bought a potion of heal wounds for 70 gold pieces
  9189 | D        | Bought a potion of magic for 112 gold pieces
  9189 | D        | Bought a potion of curing for 42 gold pieces
  9189 | D        | Bought a potion of haste for 140 gold pieces
  9189 | D        | Bought a potion of curing for 42 gold pieces
  9189 | D        | Bought a potion of resistance for 140 gold pieces
  9189 | D        | Bought a potion of stabbing for 56 gold pieces
  9189 | D        | Bought a potion of lignification for 42 gold pieces
  9201 | D        | Identified the ring of Saew {rPois MR+ AC+3 Str+3} (You
                  | acquired it in the Dungeon)
  9370 | D        | Killed Sojobo
  9370 | D        | Reached skill level 15 in Conjurations
  9474 | D        | Noticed a lich
  9482 | D        | Killed a lich
  9493 | D        | Noticed a shadow dragon
  9494 | D        | Noticed a shadow dragon
  9535 | D        | Killed a shadow dragon
  9573 | D        | Killed a shadow dragon
  9573 | D        | Reached skill level 5 in Air Magic
  9621 | D        | Noticed a quicksilver dragon
  9621 | D        | Noticed a fire giant
  9621 | D        | Noticed a shadow dragon
  9621 | D        | Noticed a quicksilver dragon
  9621 | D        | Noticed a shadow dragon
  9681 | D        | Killed a quicksilver dragon
  9808 | D        | Killed a quicksilver dragon
  9808 | D        | Reached skill level 10 in Charms
  9872 | D        | Reached skill level 10 in Air Magic
  9888 | D        | Identified the cursed +0 chain mail "Sivvegui" {rElec MR-
                  | Int+7}
  9973 | D        | Killed a shadow dragon
  9973 | D        | Reached XP level 16. HP: 40/93 MP: 8/34
 10154 | D        | Noticed a golden dragon
 10174 | D        | Killed a shadow dragon
 10186 | D        | Killed a golden dragon
 10409 | D        | Identified the Catalogue of Icy Lightness
 10428 | D        | Got a silver rune of Zot
 10439 | D        | Learned a level 6 spell: Invisibility
 10571 | D        | Bought a scroll of identify for 24 gold pieces
 10571 | D        | Bought a scroll of identify for 24 gold pieces
 10571 | D        | Bought a scroll of vulnerability for 90 gold pieces
 10571 | D        | Bought a scroll of enchant armour for 90 gold pieces
 10585 | D        | Identified the ring of Okawaru's Grace {rN+ Int+2} (You
                  | acquired it in the Dungeon)
 10597 | D        | Bought a box of beasts for 240 gold pieces
 10597 | D        | Bought a phantom mirror for 360 gold pieces
 10597 | D        | Bought a phantom mirror for 360 gold pieces
 10598 | D        | Bought a ration for 50 gold pieces
 10598 | D        | Bought a ration for 50 gold pieces
 10598 | D        | Bought a ration for 50 gold pieces
 10598 | D        | Bought a ration for 50 gold pieces
 10598 | D        | Bought a ration for 50 gold pieces
 10598 | D        | Bought a ration for 50 gold pieces
 10598 | D        | Bought a ration for 50 gold pieces
 10598 | D        | Bought a ration for 50 gold pieces
 10598 | D        | Bought a ration for 50 gold pieces
 10598 | D        | Bought a ration for 50 gold pieces
 10598 | D        | Bought a ration for 50 gold pieces
 10601 | D        | Bought a book of Cantrips for 200 gold pieces
 10609 | D        | Learned a level 1 spell: Apportation
 10635 | D        | Reached skill level 10 in Hexes
 10712 | D        | Bought a runed hunting sling for 112 gold pieces
 10763 | D        | Noticed Mara
 10796 | D        | Found Kaityeri's Armour Shop.
 10812 | D        | Found Tam Nolonu's Armour Shoppe.
 10812 | D        | Found Yceurin's Food Shop.
 10812 | D        | Found Wirasal's Distillery.
 10812 | D        | Noticed Roxanne
 10837 | D        | Reached skill level 10 in Transmutations
 10876 | D        | Bought a ration for 55 gold pieces
 10876 | D        | Bought a ration for 55 gold pieces
 10876 | D        | Bought a ration for 55 gold pieces
 10876 | D        | Bought a ration for 55 gold pieces
 10876 | D        | Bought a ration for 55 gold pieces
 10876 | D        | Bought a ration for 55 gold pieces
 10876 | D        | Bought a ration for 55 gold pieces
 10876 | D        | Bought a ration for 55 gold pieces
 10876 | D        | Bought a ration for 55 gold pieces
 10876 | D        | Bought a ration for 55 gold pieces
 10876 | D        | Bought a ration for 55 gold pieces
 10877 | D        | Bought a potion of haste for 110 gold pieces
 10877 | D        | Bought a potion of curing for 33 gold pieces
 10877 | D        | Bought 2 potions of magic for 176 gold pieces
 10877 | D        | Bought a potion of berserk rage for 55 gold pieces
 10877 | D        | Bought a potion of magic for 88 gold pieces
 10877 | D        | Bought a potion of brilliance for 44 gold pieces
 10885 | D        | Noticed Mennas
 10896 | D        | Learned a level 5 spell: Blade Hands
 10941 | D        | Killed Roxanne
 10988 | D        | Found Cerphul's Gadget Boutique.
 11031 | D        | Reached skill level 15 in Hexes
 11059 | D        | Noticed an Executioner
 11069 | D        | Killed an Executioner
 11086 | D        | Reached skill level 5 in Earth Magic
 11137 | D        | Noticed Geryon
 11292 | D        | Killed Mennas
 11292 | D        | Reached skill level 10 in Earth Magic
 11568 | D        | Reached skill level 15 in Transmutations
 11674 | D        | Killed Geryon
 11674 | D        | Reached XP level 17. HP: 89/98 MP: 36/36
 11900 | D        | Noticed a kraken
 11916 | D        | Killed a kraken
 11916 | D        | Reached skill level 15 in Fighting
 12221 | D        | Found Ikualoeff's Distillery.
 12221 | D        | Found Roicishi's Jewellery Shop.
 12221 | D        | Found Puana's Antique Weapon Emporium.
 12229 | D        | Got a barnacled rune of Zot
 12231 | D        | Bought a potion of brilliance for 44 gold pieces
 12231 | D        | Bought a potion of heal wounds for 55 gold pieces
 12231 | D        | Bought a potion of berserk rage for 55 gold pieces
 12231 | D        | Bought 2 potions of berserk rage for 110 gold pieces
 12231 | D        | Bought a potion of heal wounds for 55 gold pieces
 12233 | D        | Bought a cursed -4 ring of intelligence for 28 gold pieces
 12235 | D        | Bought a jewelled dagger for 147 gold pieces
 12235 | D        | Identified the +5 dagger "Foxt" {vorpal, rF++} (You bought
                  | it in a shop in the Dungeon)
 12312 | D        | Gained mutation: You are frail. (-10% HP) [a shining eye]
 12320 | D        | Noticed an acid blob
 12328 | D        | Noticed the Royal Jelly
 12332 | D        | Killed an acid blob
 12336 | D        | Noticed an acid blob
 12336 | D        | Found a viscous altar of Jiyva.
 12348 | D        | Killed an acid blob
 12354 | D        | Noticed an acid blob
 12355 | D        | Noticed an acid blob
 12360 | D        | HP: 5/104 [acid (4)]
 12364 | D        | Killed the Royal Jelly
 12368 | D        | Killed an acid blob
 12378 | D        | Killed an acid blob
 12527 | D        | Got a slimy rune of Zot
 12619 | D        | Lost mutation: You have a somewhat thin skeletal structure.
                  | (Dex +2, Stealth) [potion of mutation]
 12619 | D        | Lost mutation: You are frail. (-10% HP) [potion of
                  | mutation]
 12619 | D        | Lost mutation: You have sharp fingernails. [potion of
                  | mutation]
 12619 | D        | Gained mutation: You are dopey. (Int -2) [potion of
                  | mutation]
 12619 | D        | Gained mutation: You are clumsy. (Dex -2) [potion of
                  | mutation]
 12619 | D        | Gained mutation: Your muscles are strong. (Str +2) [potion
                  | of mutation]
 12620 | D        | Lost mutation: You are dopey. (Int -2) [potion of mutation]
 12620 | D        | Lost mutation: You are clumsy. (Dex -2) [potion of
                  | mutation]
 12620 | D        | Lost mutation: Your muscles are strong. (Str +2) [potion of
                  | mutation]
 12620 | D        | Gained mutation: Your mind is acute. (Int +2) [potion of
                  | mutation]
 12620 | D        | Gained mutation: Your mind is very acute. (Int +4) [potion
                  | of mutation]
 12720 | D        | Noticed Nikola
 12755 | D        | Bought the amulet "Astrufod" {Gourm rElec Str-5 Int+3
                  | Dex+3} for 599 gold pieces
 12826 | D        | Killed Nikola
 13045 | D        | Noticed a Killer Klown
 13070 | D        | Killed a Killer Klown
 13077 | D        | Noticed an Orb Guardian
 13077 | D        | Noticed an Orb Guardian
 13137 | D        | Killed an Orb Guardian
 13139 | D        | Killed an Orb Guardian
 13151 | D        | Noticed an ancient lich
 13160 | D        | Killed an ancient lich
 13248 | D        | Noticed an iron giant
 13261 | D        | Killed an iron giant
 13304 | D        | Noticed the Serpent of Hell
 13316 | D        | Noticed a greater mummy
 13342 | D        | Killed a greater mummy
 13358 | D        | Noticed Gloorx Vloq
 13442 | D        | Noticed a greater mummy
 13454 | D        | Killed a greater mummy
 13454 | D        | Reached XP level 18. HP: 91/114 MP: 40/40
 13483 | D        | Learned a level 9 spell: Dragon's Call
 13485 | D        | Noticed a greater mummy
 13497 | D        | Killed a greater mummy
 13510 | D        | Noticed an Orb Guardian
 13510 | D        | Noticed an Orb Guardian
 13510 | D        | Noticed an Orb Guardian
 13511 | D        | Noticed an Orb Guardian
 13511 | D        | Noticed an Orb Guardian
 13528 | D        | Noticed a greater mummy
 13535 | D        | Reached skill level 10 in Summonings
 13568 | D        | Noticed a greater mummy
 13574 | D        | Killed a greater mummy
 13577 | D        | Noticed Ereshkigal
 13713 | D        | Killed Ereshkigal
 13713 | D        | Reached skill level 15 in Summonings
 13718 | D        | Killed a greater mummy
 13747 | D        | Got a bone rune of Zot
 13828 | D        | Killed Gloorx Vloq
 14362 | D        | Noticed a greater mummy
 14362 | D        | Noticed a greater mummy
 14709 | D        | Killed a greater mummy
 14894 | D        | Killed a greater mummy
 14894 | D        | Reached XP level 19. HP: 109/119 MP: 41/41
 14933 | D        | Got a golden rune of Zot
 14941 | D        | Got a transparent bone ring
 14942 | D        | Identified the Collected Works on Nocuous Execration
 14968 | D        | Identified the ring of Amamp {rC+ Str+3} (You found it in
                  | the Dungeon)
 15193 | D        | Got an iron rune of Zot
 15277 | D        | Identified Ankalagon's Compendium of Creation (You acquired
                  | it in the Dungeon)
 15277 | D        | Identified the amulet of the Past {Reflect rC+ SH+4} (You
                  | acquired it in the Dungeon)
 15323 | D        | Identified the +4 staff of Dispater
 15323 | D        | Noticed Dispater
 15341 | D        | Killed Dispater
 15348 | D        | Got a transparent copper ring
 15349 | D        | Identified Uthy's Grimoire of Venom and Snow
 15350 | D        | Got a wavering wooden ring
 15410 | D        | Bought 2 potions of cancellation for 288 gold pieces
 15410 | D        | Bought a potion of resistance for 180 gold pieces
 15410 | D        | Bought a potion of curing for 54 gold pieces
 15410 | D        | Bought a potion of might for 72 gold pieces
 15410 | D        | Bought a potion of might for 72 gold pieces
 15410 | D        | Bought a potion of berserk rage for 90 gold pieces
 15413 | D        | Identified the ring "Usepuh" {rElec rC+ Stlth+} (You found
                  | it in the Dungeon)
 15415 | D        | Identified the ring "Ymaap" {rN+ MR+ MP+9} (You found it in
                  | the Dungeon)
 15418 | D        | Identified the Catalogue of the Creative Voyage (You
                  | acquired it in the Dungeon)
 15483 | D        | Noticed Antaeus
 15667 | D        | HP: 1/174 [Antaeus (8)]
 15667 | D        | Slain by Antaeus

Levels and vault maps discovered:
D:        dungeon_sprint_mu [sprint_mu_entry_cave, sprint_mu_temple_rooms,
          sprint_mu_d1_horrors, sprint_mu_d2_genie, sprint_mu_d3_branching,
          sprint_mu_orc_legion, sprint_mu_elf_gauntlet, sprint_mu_hive_nellie,
          sprint_mu_lair_fedhas, sprint_mu_vaults_butterflies,
          sprint_mu_slime_circle, sprint_mu_shoals_kraken,
          sprint_mu_snake_twists, sprint_mu_blade_basic,
          sprint_mu_crypt_chambers, sprint_mu_tomb_spiral,
          sprint_mu_vestibule_basic, sprint_mu_gehenna_hellfire,
          sprint_mu_dis_giant, sprint_mu_tartarus_statrot,
          sprint_mu_cocytus_islands, sprint_mu_zot1]

Skill      XL: |  1  2  3  4  5  6  7  8  9 10 11 12 13 14 15 16 17 18 19 |
---------------+----------------------------------------------------------+-----
Throwing       | 4 6 8 9 11 | 11.7
Stealth        | 9 11 13 14 | 14.2
Dodging        | 8 10 12 18 21 | 21.4
Unarmed Combat | 4 5 9 10 12 14 16 18 22 24 | 24.4
Hexes          | 8 9 15 | 15.3
Spellcasting   | 2 10 13 14 17 19 | 19.6
Fighting       | 3 6 9 12 14 20 | 20.5
Evocations     | 2 11 14 15 19 | 19.8
Translocations | 8 |  8.8
Transmutations | 6 17 | 17.5
Conjurations   | 12 16 18 | 18.0
Armour         | 7 10 | 10.2
Charms         | 12 13 | 13.6
Air Magic      | 11 12 | 12.7
Earth Magic    | 13 | 13.8
Summonings     | 22 24 | 24.1
Short Blades   | |  2.1

Action                   |  1- 3 |  4- 6 |  7- 9 | 10-12 | 13-15 | 16-18 | 19-21 || total
-------------------------+-------+-------+-------+-------+-------+-------+-------++-------
Melee: Dagger            |    22 |     6 |    23 |       |       |       |       ||    51
       Unarmed           |       |       |   122 |   141 |   767 |   768 |    88 ||  1886
       Punch             |       |       |     4 |    19 |   120 |   105 |     9 ||   257
 Fire: Hunting sling     |       |       |       |       |    49 |       |       ||    49
Throw: Dart              |     5 |       |    13 |    25 |    33 |     8 |       ||    84
       Boomerang         |       |       |    34 |    69 |    37 |       |       ||   140
       Stone             |       |       |       |       |    27 |       |       ||    27
 Cast: Cause Fear        |       |       |     2 |     2 |       |       |       ||     4
       Orb of Destructio |       |       |       |       |     7 |    32 |     5 ||    44
       Blink             |       |       |       |       |     3 |     2 |       ||     5
       Deflect Missiles  |       |       |       |       |     1 |     5 |       ||     6
       Blade Hands       |       |       |       |       |       |    13 |       ||    13
       Invisibility      |       |       |       |       |       |     1 |       ||     1
       Statue Form       |       |       |       |       |       |    15 |     7 ||    22
       Apportation       |       |       |       |       |       |     1 |     1 ||     2
       Dragon's Call     |       |       |       |       |       |       |     3 ||     3
       Dragon Form       |       |       |       |       |       |       |     1 ||     1
Invok: Call Merchant     |       |       |     2 |     2 |     3 |       |     2 ||     9
       Potion Petition   |       |       |     2 |       |     2 |     4 |     1 ||     9
 Abil: Evoke Flight      |       |       |       |       |     4 |       |     4 ||     8
       End Transformatio |       |       |       |       |       |     9 |     1 ||    10
       Stop Flying       |       |       |       |       |       |       |     1 ||     1
Evoke: Wand              |       |       |     1 |    37 |    44 |    13 |       ||    95
       Lightning rod     |       |       |       |    23 |    47 |    32 |       ||   102
       Phial of floods   |       |       |       |       |     6 |       |       ||     6
       Horn of Geryon    |       |       |       |       |       |     3 |       ||     3
       Box of beasts     |       |       |       |       |       |     1 |       ||     1
  Use: Potion            |       |     1 |     3 |     3 |    13 |     6 |     4 ||    30
       Scroll            |       |       |       |     6 |    10 |     5 |     5 ||    26
 Stab: Sleeping          |     4 |     5 |     3 |     7 |    17 |     8 |     5 ||    49
       Distracted        |       |       |     1 |     1 |    13 |    10 |     7 ||    32
       Paralysed         |       |       |       |     9 |     8 |       |       ||    17
       Invisible         |       |       |       |       |     3 |     6 |       ||     9
  Eat: Ration            |       |       |       |     1 |     7 |    14 |     4 ||    26
Armor: Robe              |       |       |     2 |     4 |    16 |       |       ||    22
       Quicksilver drago |       |       |       |       |    74 |    59 |       ||   133
       Skin              |       |       |       |       |       |    62 |    23 ||    85
Dodge: Dodged            |    11 |       |    79 |   134 |   660 |   853 |    94 ||  1831
       Deflected         |       |       |       |       |     1 |    27 |     2 ||    30

Table legend:
 A = Non-vault XP
 B = Vault XP
 C = Vault XP percentage of total XP
 D = Non-vault monster count
 E = Vault monster count
 F = Vault count percentage of total count
                 A         B        C        D         E       F
            +---------+---------+-------+---------+---------+-------
      Total |     750 |  410833 |  99.8 |       2 |     431 |  99.5
            +---------+---------+-------+---------+---------+-------
          D |     750 |  410833 |  99.8 |       2 |     431 |  99.5
            +---------+---------+-------+---------+---------+-------
